 Dungeon Crawl Stone Soup version 0.29-a0-284-gf9362112df (webtiles) character file.

Game seed: 3186180474411072170

1491 silky the Cleaver (level 8, -6/70 HPs)
             Began as a Minotaur Chaos Knight on Apr 1, 2022.
             Was a Plaything of Xom.
             Killed from afar by an acid dragon (26 damage)
             ... with a splash of acid
             ... on level 6 of the Dungeon.
             The game lasted 00:15:13 (5423 turns).

silky the Cleaver (Minotaur Chaos Knight)           Turns: 5423, Time: 00:15:14

Health: -6/70      AC: 12    Str: 19    XL:     8   Next: 51%
Magic:  7/10       EV:  8    Int:  9    God:    Xom [..*...]
Gold:   97         SH:  6    Dex: 16    Spells: 8/11 levels left

rFire   . . .      SeeInvis .   A - +6 war axe (chaos)
rCold   . . .      Faith    .   r - +2 buckler
rNeg    . . .      Spirit   .   j - +0 chain mail
rPois   +          Reflect  .   (helmet restricted)
rElec   .          Harm     .   (no cloak)
rCorr   .          Rampage  .   n - +0 pair of gloves
Will    .....                   p - +0 pair of boots
Stlth   ..........              (no amulet)
HPRegen 0.21/turn               q - +4 ring of slaying
MPRegen 0.12/turn               a - +6 ring of dexterity

@: very slightly contaminated
A: horns 2, retaliatory headbutt, poison resistance
a: Renounce Religion


You were on level 6 of the Dungeon.
You worshipped Xom.
You were a toy of Xom.
You visited 1 branch of the dungeon, and saw 6 of its levels.

You collected 246 gold pieces.
You spent 149 gold pieces at shops.

Inventory:

Hand Weapons
 A - a +6 war axe of chaos (weapon)
Armour
 e - a scarf of shadows
 j - a +0 chain mail (worn)
 n - a +0 pair of gloves (worn)
 p - a +0 pair of boots (worn)
 r - a +2 buckler (worn)
Jewellery
 a - a +6 ring of dexterity (right hand)
 i - a ring of positive energy
 k - a ring of see invisible
 q - a +4 ring of slaying (left hand)
 t - a ring of ice
 v - a ring of magical power
 z - a ring of wizardry
Wands
 b - a wand of polymorph (2)
 h - a wand of paralysis (15)
Scrolls
 g - 2 scrolls of teleportation
 l - a scroll of fear
 o - 2 scrolls of magic mapping
 s - a scroll of vulnerability
Potions
 d - 2 potions of attraction
 f - a potion of lignification
 m - 4 potions of curing
Miscellaneous
 c - a piece from Xom's chessboard (15/15)


   Skills:
 + Level 6.0 Fighting
 + Level 8.7 Axes
 + Level 6.0 Armour
 + Level 2.8 Dodging
 + Level 0.9 Stealth
 + Level 0.2 Shields
 + Level 2.2 Spellcasting
 + Level 2.0 Conjurations


You had 8 spell levels left.
You knew the following spells:

 Your Spells              Type           Power      Damage    Failure   Level
a - Magic Dart            Conj           16%        1d3       88%         1
b - Call Imp              Summ           0%         N/A       100%        2

Your spell library contained the following spells:

 Spells                   Type           Power      Damage    Failure   Level
 Animate Skeleton         Necr           0%         N/A       99%         1
 Pain                     Necr           0%         1d4       99%         1
 Sandblast                Erth           0%         2d4       99%         1
 Ensorcelled Hibernation  Hex/Ice        0%         N/A       100%        2
 Passwall                 Tmut/Erth      0%         N/A       100%        2
 Mephitic Cloud           Conj/Pois/Air  2%         N/A       100%        3
 Stone Arrow              Conj/Erth      4%         3d7       100%        3
 Vampiric Draining        Necr           0%         2d6       100%        3
 Leda's Liquefaction      Hex/Erth       0%         N/A       100%        4
 Freezing Cloud           Conj/Ice/Air   1%         6-21      100%        5
 Lee's Rapid Deconstruct  Erth           0%         3d5*      100%        5
 Statue Form              Tmut/Erth      0%         N/A       100%        6
 Ozocubu's Refrigeration  Ice            0%         4d5       100%        7


Dungeon Overview and Level Annotations

Branches:
Dungeon (6/15)             Temple (0/1) D:5

Altars:

Shops:
D:4 (


Innate Abilities, Weirdness & Mutations

You have a pair of horns on your head.
You reflexively headbutt those who attack you in melee.
Your system is resistant to poisons. (rPois)


Message History

You hit the yak.
Space warps around the yak.
You hit the yak. You freeze the yak. You slash the yak!
You closely miss the yak.
Xom opens a gate.
You are now a toy of Xom.
The yak closely misses you. You block the yak's attack. The yak gores you!
The yak gores you. The yak closely misses you.
You barely miss the yak.
The yak is severely wounded.
You slash the yak! You hit the yak but do no damage.
The yak is poisoned.
You closely miss the yak. You hit the yak.
The yak is poisoned.
You block the yak's attack. The yak closely misses you.
The yak gores you but does no damage. The yak barely misses you.
The yak gores you but does no damage.
Your crimson imp hits the yak.
You hit the yak.
The yak is severely wounded.
You slash the yak! You burn the yak. You hit the yak. You barely miss the yak.
You hit the yak. You burn the yak. The yak gores you but does no damage.
The yak completely misses you. The yak gores you! x2
The yak barely misses you. You furiously retaliate!
You headbutt the yak.
Your crimson imp hits the yak but does no damage.
You barely miss the yak. You headbutt the yak.
The yak is almost dead.
You hit the yak but do no damage.
You slash the yak! x2; You drain the yak.
You kill the yak!
You closely miss the yak. You block the yak's attack. The yak gores you!
* * * LOW HITPOINT WARNING * * *
The yak gores you but does no damage. x2
Your Fighting skill increases to level 6!
Your Armour skill increases to level 6!
Your Conjurations skill increases to level 2!
You slice the yak!!
You kill the yak!
You slash the yak!
You kill the yak!
You slash the yak! You burn the yak.
You kill the yak!
You hit the yak. The yak gores you but does no damage.
The acid dragon spits acid at you. The splash of acid hits you!!
You die...
Xom titters!

#.. ... #.# ##
###..#... ########
#........
#......###........
#..)(.....5†...=..
#.....<)..@†D.....
#......###.Y......
........#
#........
##......#
#.......< ####....
...)##.## ####.
.##.# # . . .# ...
##


You could see a yak (very poisoned), an acid dragon (catching breath) and a
friendly crimson imp (summoned).

Vanquished Creatures
  4 yaks (D:6)
  The ghost of GigaChad the Skirmisher, an amateur DrAK of Lugonu (D:4)
  An acid dragon (D:4)
  2 ice beasts (D:5)
  A black bear (D:5)
  A centaur (D:5)
  A kobold brigand (D:5)
  A necrophage (D:4)
  A scorpion (D:5)
  3 quasits (D:4)
  A hound (D:5)
  An orc priest (D:4)
  A gnoll shaman (D:5)
  A jelly (D:5)
  9 gnolls
  6 adders
  4 worms
  7 dart slugs
  9 orcs
  7 ball pythons
  8 endoplasms
  A giant cockroach (D:3)
  6 goblins
  6 hobgoblins
  A jackal (D:3)
  5 quokkas
  A bat (D:2)
  3 frilled lizards
  11 kobolds
  6 rats
110 creatures vanquished.

Vanquished Creatures (collateral kills)
  A necrophage (D:4)
  2 gnolls (D:3)
  An adder (D:3)
  An ufetubus (D:4)
  A kobold (D:4)
6 creatures vanquished.

Grand Total: 116 creatures vanquished

Notes
Turn   | Place    | Note
-------+----------+-------------------------------------------
     0 | D:1      | silky the Minotaur Chaos Knight began the quest for the
                  | Orb.
     0 | D:1      | Reached XP level 1. HP: 19/19 MP: 0/0
    64 | D:1      | XOM: divination: magic mapping
    77 | D:1      | Reached skill level 4 in Axes
   127 | D:1      | Reached XP level 2. HP: 16/27 MP: 1/1
   334 | D:1      | XOM: potion effect (curing)
  1127 | D:1      | XOM: god gift: 2 poisoned darts
  1173 | D:1      | XOM: noise
  1263 | D:2      | XOM: cloud trail
  1341 | D:2      | Found a faded altar of an unknown god.
  1362 | D:2      | XOM: give mutation
  1362 | D:2      | Gained mutation: You are robust. (+10% HP) [Xom's grace]
  1432 | D:2      | Reached XP level 3. HP: 36/36 MP: 2/2
  1468 | D:2      | Learned a level 1 spell: Magic Dart
  1523 | D:2      | XOM: 2-stop teleportation journey
  1646 | D:2      | Reached XP level 4. HP: 38/45 MP: 1/3
  1672 | D:2      | XOM: divination: detect creatures
  1677 | D:2      | XOM: scenery: summon butterflies
  1962 | D:3      | Reached skill level 5 in Axes
  2178 | D:3      | XOM: butterfly on damage
  2180 | D:3      | Reached XP level 5. HP: 30/51 MP: 1/4
  2497 | D:3      | Learned a level 2 spell: Call Imp
  2565 | D:3      | Identified the +1 robe of Vulis {+Inv Dex+5}
  2633 | D:3      | XOM: give mutations
  2633 | D:3      | Gained mutation: You occasionally shout uncontrollably at
                  | your foes. [Xom's mischief]
  2633 | D:3      | Gained mutation: You sometimes lose the ability to read
                  | scrolls when taking damage. [Xom's mischief]
  2649 | D:3      | XOM: 6-stop teleportation journey
  2698 | D:3      | XOM: 1-stop teleportation journey
  2906 | D:4      | XOM: noise
  2916 | D:4      | Reached skill level 5 in Fighting
  2921 | D:4      | Reached skill level 6 in Axes
  2921 | D:4      | Reached XP level 6. HP: 53/61 MP: 4/6
  2948 | D:4      | XOM: summons 4 hostile shadow creatures
  2973 | D:4      | Reached skill level 1 in Spellcasting
  3061 | D:4      | Noticed an acid dragon
  3061 | D:4      | a scorpion changed into an acid dragon
  3061 | D:4      | XOM: polymorph scorpion -> acid dragon
  3067 | D:4      | HP: 1/61 [acid dragon (6)]
  3072 | D:4      | Killed an acid dragon
  3073 | D:4      | Reached skill level 1 in Conjurations
  3137 | D:4      | Lost mutation: You are robust. (+10% HP) [potion of
                  | mutation]
  3137 | D:4      | Lost mutation: You sometimes lose the ability to read
                  | scrolls when taking damage. [potion of mutation]
  3137 | D:4      | Lost mutation: You occasionally shout uncontrollably at
                  | your foes. [potion of mutation]
  3137 | D:4      | Gained mutation: Your system is resistant to poisons.
                  | (rPois) [potion of mutation]
  3278 | D:4      | XOM: silly message
  3398 | D:4      | XOM: 2-stop teleportation journey
  3662 | D:4      | XOM: 2-stop teleportation journey
  3799 | D:4      | Found Kaupniry's Antique Weapon Shoppe.
  3804 | D:4      | Found a transporter.
  3808 | D:4      | Bought a glowing war axe for 149 gold pieces
  3968 | D:4      | Noticed GigaChad's ghost (amateur DrAK)
  3979 | D:4      | Found a transporter.
  4226 | D:4      | Reached XP level 7. HP: 56/61 MP: 6/8
  4238 | D:4      | Killed GigaChad's ghost
  4239 | D:4      | Reached skill level 7 in Axes
  4310 | D:5      | Entered Level 5 of the Dungeon
  4527 | D:5      | XOM: silly message
  4538 | D:5      | Reached skill level 5 in Armour
  4603 | D:5      | XOM: smoke on damage
  4605 | D:5      | Reached XP level 8. HP: 44/70 MP: 7/9
  4660 | D:5      | Reached skill level 8 in Axes
  4950 | D:5      | Found a staircase to the Ecumenical Temple.
  5010 | D:5      | XOM: summons friendly crimson imp
  5131 | D:5      | XOM: god gift: robe {god gift}
  5146 | D:5      | Got the Volume of the Snowflakes
  5419 | D:6      | XOM: summons friendly crimson imp
  5423 | D:6      | Killed from afar by an acid dragon

Illustrated notes

Levels and vault maps discovered:
D:1:      saegor_arrival_simple_b, layout_basic
D:2:      layout_basic, hellmonk_ecumenical_altar_run_dry
D:3:      layout_loops_ring, minmay_pentomino_pile
D:4:      layout_loops_ring, gammafunk_ghost_stat_death, serial_shops,
          nicolae_square_shop, kennysheep_generic_room_5
D:5:      layout_loops_ring, minmay_temple_entry_grid
D:6:      layout_rooms, uniq_eustachio

Skill      XL: |  1  2  3  4  5  6  7  8 |
---------------+-------------------------+-----
Axes           | 4 5 6 7 8 |  8.7
Armour         | 3 4 5 6 |  6.0
Fighting       | 4 5 6 |  6.0
Dodging        | 2 |  2.8
Spellcasting   | 1 2 |  2.2
Conjurations   | 1 2 |  2.0
Stealth        | |  0.9
Shields        | |  0.2

Action                   |  1- 3 |  4- 6 |  7- 9 || total
-------------------------+-------+-------+-------++-------
Melee: Hand axe          |    49 |    90 |       ||   139
       Headbutt          |     9 |    20 |    14 ||    43
       War axe           |       |    10 |    71 ||    81
       Punch             |       |       |     2 ||     2
 Cast: Magic Dart        |     1 |    25 |     1 ||    27
  Use: Scroll            |     2 |     7 |     1 ||    10
       Potion            |       |     4 |     3 ||     7
Armor: Leather armour    |    19 |     8 |       ||    27
       Scale mail        |       |    25 |       ||    25
       Chain mail        |       |    20 |    64 ||    84
       Skin              |       |     2 |       ||     2
Dodge: Dodged            |    34 |    56 |    44 ||   134
Block: Buckler           |       |       |     3 ||     3

Table legend: (Time is in decaauts)
 A = Elapsed time spent in this place.
 B = Non-inter-level travel time spent in this place.
 C = Inter-level travel time spent in this place.
 D = Time resting spent in this place.
 E = Time spent auto-exploring this place.
 F = Levels seen in this place.
 G = Mean time per level.
                   A        B        C        D        E       F      G
               +--------+--------+--------+--------+--------+-----+--------+
         Total |   5423 |   5294 |    129 |    226 |   3955 |   6 |  903.8 |
       Dungeon |   5423 |   5294 |    129 |    226 |   3955 |   6 |  903.8 |
               +--------+--------+--------+--------+--------+-----+--------+

Top non-repeatable levels by time:
     D:4: 1395 daAuts
     D:1: 1249 daAuts
     D:5: 1102 daAuts
     D:3: 1075 daAuts
     D:2: 584 daAuts
     D:6: 16 daAuts
